Map: Frost LE

Players

SneakstaRH

  • Race: Protoss Protoss
  • League: Gold

Elurion

  • Race: Protoss Protoss
  • League: Diamond

llllllllllll

  • Race: Zerg Zerg
  • League: Diamond

Amaraj

  • Race: Zerg Zerg
  • League: Diamond

VOD

Have the link to the VOD?

Description

Time

  • Played on: Sept. 18, 2016, 2:32 p.m.
  • Length: 9:10
Show
View Real Time Build Order
Export as new Build Order

SneakstaRH Protoss 

Build Orders: 1 Gate Expand 

Get SALT Encoding   

  12  0:01  Probe (Chrono Boost)  
  13  0:11  Probe (Chrono Boost)  
  14  0:22  Probe (Chrono Boost)  
  15  0:30  Pylon  
  15  0:48  Probe (Chrono Boost)  
  16  0:58  Probe (Chrono Boost), Gateway  
  16  1:03  Assimilator  
  17  1:06  Assimilator  
  17  1:09  Probe (Chrono Boost)  
  18  1:20  Probe (Chrono Boost)  
  19  1:31  Probe (Chrono Boost)  
  20  1:42  Probe (Chrono Boost), Nexus  
  21  1:53  Cybernetics Core  
  21  2:05  Pylon  
  21  2:06  Probe (Chrono Boost)  
  22  2:16  Probe (Chrono Boost)  
  23  2:27  Probe (Chrono Boost)  
  24  2:30  Stalker  
  24  2:34  Protoss Air Weapons Level 1  
  26  2:38  Probe (Chrono Boost)  
  27  2:48  Assimilator  
  27  2:49  Mothership Core (Chrono Boost)  
  29  2:52  Assimilator  
  30  3:05  Probe (Chrono Boost)  
  30  3:07  Probe (Chrono Boost)  
  31  3:16  Pylon  
  31  3:18  Probe x2 (Chrono Boost)  
  33  3:28  Probe x2 (Chrono Boost)  
  35  3:39  Probe x2 (Chrono Boost)  
  35  3:40  Pylon  
  37  3:46  Forge  
  37  3:49  Probe (Chrono Boost)  
  37  3:50  Probe (Chrono Boost)  
  39  4:01  Stargate  
  39  4:04  Stargate  
  39  4:09  Stargate  
  39  4:11  Probe (Chrono Boost)  
  39  4:12  Probe (Chrono Boost)  
  41  4:22  Probe (Chrono Boost)  
  41  4:23  Probe (Chrono Boost)  
  43  4:31  Photon Cannon  
  43  4:35  Photon Cannon  
  43  4:40  Photon Cannon  
  43  4:42  Probe (Chrono Boost)  
  43  4:43  Probe (Chrono Boost)  
  45  4:52  Probe (Chrono Boost)  
  46  4:53  Probe (Chrono Boost)  
  47  5:01  Oracle x2  
  47  5:03  Probe (Chrono Boost)  
  54  5:07  Oracle  
  54  5:11  Probe (Chrono Boost)  
  54  5:13  Probe (Chrono Boost)  
  59  5:21  Pylon  
  59  5:37  Protoss Air Armor Level 1, Oracle  
  59  5:38  Oracle  
  65  5:43  Oracle  
  65  5:45  Photon Cannon  
  68  5:54  Photon Cannon  
  68  5:59  Pylon  
  68  6:04  Photon Cannon  
  68  6:12  Photon Cannon  
  68  6:17  Oracle  
  68  6:18  Photon Cannon  
  71  6:22  Pylon  
  71  6:34  Oracle x2  
  77  6:43  Pylon  
  77  6:45  Pylon  
  77  6:53  Oracle  
  80  7:10  Oracle x2  
  86  7:29  Oracle  
  89  7:32  Nexus  
  89  7:35  Pylon  
  89  7:37  Pylon  
  89  7:41  Oracle x2  
  89  7:42  Assimilator  
  89  7:46  Assimilator  
  89  7:47  Photon Cannon  
  95  7:53  Photon Cannon  
  95  8:00  Fleet Beacon  
  95  8:07  Photon Cannon  
  95  8:08  Photon Cannon  
  95  8:10  Stargate  
  95  8:12  Probe x2 (Chrono Boost)  
  97  8:24  Phoenix, Probe x2 (Chrono Boost)  
  97  8:25  Phoenix  
  99  8:28  Phoenix  
  105  8:36  Probe (Chrono Boost)  
Show
View Real Time Build Order
Export as new Build Order

Elurion Protoss 

Build Orders:  

Get SALT Encoding   

  12  0:01  Drone  
  13  0:09  Drone  
  14  0:17  Overlord  
  14  0:26  Extractor, Drone  
  15  0:36  Drone x2  
  17  0:54  Hatchery  
  16  0:57  Drone  
  16  1:02  Drone  
  16  1:03  Extractor  
  17  1:18  Spawning Pool  
  17  1:22  Drone  
  17  1:27  Drone  
  17  1:30  Drone  
  19  1:39  Drone  
  20  1:49  Overlord  
  20  2:06  Queen x2  
  24  2:10  Zergling x2  
  24  2:12  Zergling x2  
  26  2:18  Metabolic Boost  
  26  2:21  Drone  
  27  2:24  Drone  
  27  2:28  Drone  
  29  2:32  Extractor  
  28  2:41  Extractor  
  27  2:45  Baneling Nest  
  27  2:49  Queen  
  28  2:59  Queen  
  28  3:05  Drone x2  
  32  3:09  Drone  
  33  3:18  Drone x2  
  35  3:21  Overlord  
  35  3:38  Lair  
  35  3:39  Queen  
  37  3:43  Zergling x2  
  37  3:44  Zergling x2  
  39  3:57  Zergling x10  
  39  4:01  Overlord  
  44  4:18  Hatchery  
  43  4:24  Queen  
  43  4:29  Drone  
  43  4:30  Drone  
  47  4:32  Drone  
  48  4:40  Drone  
  48  4:41  Drone x2  
  48  4:43  Drone  
  52  4:48  Overlord  
  52  4:59  Overlord  
  52  5:11  Centrifical Hooks  
  52  5:13  Hydralisk Den  
  51  5:17  Evolution Chamber, Queen  
  51  5:21  Evolution Chamber  
  51  5:29  Drone  
  51  5:30  Overlord, Drone x4  
  56  5:47  Drone x4  
  56  5:48  Drone x4  
  64  5:50  Drone  
  64  5:54  Zerg Missile Weapons Level 1  
  65  5:58  Overseer  
  65  6:07  Extractor  
  64  6:13  Drone  
  64  6:14  Drone x4  
  64  6:15  Drone x4  
  64  6:18  Extractor  
  72  6:20  Extractor  
  71  6:33  Zerg Melee Weapons Level 1, Drone x3  
  71  6:38  Overlord x2  
  69  7:05  Spore Crawler x2  
  69  7:07  Spore Crawler x2  
  69  7:08  Hydralisk x3, Spore Crawler  
  50  7:10  Spore Crawler  
  50  7:11  Queen, Spore Crawler  
  44  7:22  Queen  
  44  7:29  Drone  
  48  7:30  Drone  
  48  7:35  Drone x2  
  50  7:37  Drone  
  50  7:42  Drone  
  52  7:53  Queen  
  54  7:59  Drone  
  54  8:01  Drone  
  54  8:03  Drone  
  57  8:07  Drone  
  57  8:09  Drone  
  59  8:13  Drone  
  59  8:17  Spore Crawler  
  59  8:21  Spore Crawler  
  59  8:22  Drone  
  59  8:25  Drone  
  60  8:30  Drone x2  
  62  8:35  Drone  
  62  8:36  Drone x2  
  62  8:38  Drone  
  62  8:40  Drone  
  67  8:42  Drone  
  67  8:46  Drone x2  
  52  9:06  Hydralisk Den  
Show
View Real Time Build Order
Export as new Build Order

llllllllllll Zerg 

Build Orders:  

Get SALT Encoding   

Show
View Real Time Build Order
Export as new Build Order

Amaraj Zerg 

Build Orders:  

Get SALT Encoding   

Tags
 
Add a new tag
Caveats
  • Supply blocks, unpowered buildings, or Contaminate may cause inaccurate times.
  • Supply counts are checked every 10 seconds.